 Dungeon Crawl Stone Soup version 0.25.0-10-g039870ee82 (webtiles) character file.

Game seed: 7290983221103417729

30 mopl the Ruffian (level 3, 0/31 HPs)
             Began as a Ghoul Monk on June 23, 2020.
             Slain by a kobold
             ... wielding a +2 whip of electrocution
              (13 damage)
             ... on level 2 of the Dungeon.
             The game lasted 00:01:42 (1044 turns).

mopl the Ruffian (Ghoul Monk)                       Turns: 1044, Time: 00:01:42

Health: 0/31       AC:  8    Str: 15    XL:     3   Next: 20%
Magic:  2/2        EV:  7    Int:  5    God:
Gold:   109        SH:  0    Dex: 17    Spells: 2/2 levels left

rFire    . . .     SeeInvis .     - Unarmed
rCold    + . .     Gourm    .   (no shield)
rNeg     + + +     Faith    .   m - +0 chain mail
rPois    ∞         Spirit   .   (no helmet)
rElec    .         Reflect  .   (no cloak)
rCorr    .         Harm     .   (no gloves)
MR       .....                  (no boots)
Stlth    ..........             (no amulet)
HPRegen  0.00/turn              k - +6 ring of dexterity
MPRegen  0.08/turn              (no ring)

@: rotting
A: rotting body, claws 1, carnivore, cold resistance 1, negative energy
resistance 3, inhibited regeneration, torment resistance, unbreathing
a: no special abilities


You were on level 2 of the Dungeon.
You were not hungry.

You visited 1 branch of the dungeon, and saw 2 of its levels.

You collected 109 gold pieces.

Inventory:

Missiles
 h - 5 javelins (quivered)
Armour
 m - a +0 chain mail (worn)
Jewellery
 k - a +6 ring of dexterity (left claw)
Scrolls
 a - 3 scrolls of fog {unknown}
 e - a scroll of magic mapping {unknown}
 g - 2 scrolls of identify {unknown}
 j - a scroll of immolation {unknown}
Potions
 c - 2 potions of cancellation {unknown}
 d - a potion of stabbing {unknown}
 f - a potion of brilliance {unknown}
 i - a potion of haste {unknown}
 n - a potion of curing {unknown}
 o - 2 potions of flight {unknown}
Comestibles
 b - a ration
 l - 2 chunks of flesh


   Skills:
 + Level 3.6 Fighting
 + Level 1.0 Throwing
 - Level 2.6 Dodging
 - Level 2.1 Stealth
 * Level 4.1 Unarmed Combat


You had 2 spell levels left.
You didn't know any spells.
Your spell library was empty.

Dungeon Overview and Level Annotations

Branches:
Dungeon (2/15)

Altars:

Annotations:
D:1 fly


Innate Abilities, Weirdness & Mutations

Your body is rotting away.
You thrive on raw meat.
You are immune to poison.
You have sharp fingernails.
You are carnivorous and can eat meat at any time.
Your flesh is cold resistant. (rC+)
You are immune to negative energy. (rN+++)
You do not regenerate when monsters are visible.
You are immune to unholy pain and torment.
You can survive without breathing.


Message History

You kill the goblin!
A kobold comes into view.
It is wielding a +2 whip of electrocution.
The goblin closely misses you.
You claw the goblin!
You kill the goblin!
Found 9 gold pieces.
Your chain mail prevents you from hitting the kobold.
The kobold hits you with a +2 whip of electrocution.
You are electrocuted!
You closely miss the kobold.
The kobold hits you with a +2 whip of electrocution.
You are too injured to fight recklessly!
You are too injured to fight recklessly!
You are too injured to fight recklessly!
You closely miss the kobold.
A bat comes into view.
The kobold hits you but does no damage.
You completely miss the kobold. The kobold hits you but does no damage.
You are electrocuted!
You die...

.. ... ....##.#
#.###.###......#
#.......+......+
.##.......#......#
..............##.# #
.##...........##.##.#
....................#..#
..#.##...(.(....@K......
..#)##.###.#(.##$.......
..#.##.# #.#..).........
.......###.#............
........##.#....#...b...
...........#....#.......
...........#....###....$
................# .....
.................


You could see a bat and a kobold.

Vanquished Creatures
  2 dart slugs (D:1)
  A leopard gecko (D:2)
  A bat (D:1)
  2 giant cockroaches (D:1)
  4 hobgoblins (D:1)
  3 frilled lizards (D:1)
  5 goblins
  2 kobolds (D:1)
  4 rats
24 creatures vanquished.

Notes
Turn   | Place    | Note
-------+----------+-------------------------------------------
     0 | D:1      | mopl the Ghoul Monk began the quest for the Orb.
     0 | D:1      | Reached XP level 1. HP: 19/19 MP: 0/0
   200 | D:1      | Reached XP level 2. HP: 18/26 MP: 1/1
   955 | D:2      | Reached skill level 4 in Unarmed Combat
   955 | D:2      | Reached XP level 3. HP: 23/31 MP: 2/2
   957 | D:2      | Reached skill level 1 in Throwing
  1044 | D:2      | Slain by a kobold

Illustrated notes

Levels and vault maps discovered:
D:1:      nzn_arrival_depleted_hourglass, layout_basic,
          corexii_item_surrounded_by_moat, minmay_misc_feat_enclosed,
          ebering_dispersal_statue_hall, minmay_ruptured
D:2:      layout_basic, lemuel_crystal_altar, nicolae_overflow_hidden_temple,
          st_stairs_6, uniq_robin

Skill      XL: |  1  2  3 |
---------------+----------+-----
Unarmed Combat | 4 |  4.1
Throwing       | 1 |  1.0
Fighting       | |  3.6
Dodging        | |  2.6
Stealth        | |  2.1

Action                   || total
-------------------------++-------
Melee: Unarmed           ||    84
 Stab: Sleeping          ||     1
  Eat: Chunk             ||     6
Armor: Robe              ||     1
       Chain mail        ||    43
       Scale mail        ||     2
Dodge: Dodged            ||    25
